 Dungeon Crawl Stone Soup version 0.27.0-1-g7a089689b8 (webtiles) character file.

Game seed: 13967474861996558290

175 freelancePsychic the Skirmisher (level 5, -2/40 HPs)
             Began as a Djinni Fighter on Aug 5, 2021.
             Was an Initiate of Cheibriados.
             Slain by a wyvern zombie (7 damage)
             ... on level 3 of the Dungeon.
             The game lasted 00:03:27 (2304 turns).

freelancePsychic the Skirmisher (Djinni Fighter)    Turns: 2304, Time: 00:03:28

Health: -2/40      AC:  6    Str: 16    XL:     5   Next: 86%
Gold:   45         EV: 11    Int: 11    God:    Cheibriados [......] SH:  0 Dex: 14

rFire    + + .     SeeInvis .   a - +0 long sword
rCold    x . .     Faith    .   (no shield)
rNeg     . . .     Spirit   .   g - +0 leather armour
rPois    ∞         Reflect  .   (no helmet)
rElec    .         Harm     .   l - +2 cloak
rCorr    .         Rampage  .   (no gloves)
Will     .....                  (boots unavailable)
Stlth    +.........             (no amulet)
HPRegen  0.13/turn              (no ring)
MPRegen  0.00/turn              (no ring)

@: mighty, flying, very slow
A: sickness immunity, fire resistance 2, cold vulnerability 1, float, innate
caster, hp casting, extra vitality 1
a: Renounce Religion, Bend Time


You were on level 3 of the Dungeon.
You worshipped Cheibriados.
Cheibriados was noncommittal.
You visited 1 branch of the dungeon, and saw 3 of its levels.

You collected 45 gold pieces.

Inventory:

Hand Weapons
 a - a +0 long sword (weapon)
Armour
 b - a +0 scale mail
 c - a +0 kite shield
 g - a +0 leather armour (worn)
 i - a +0 pair of gloves
 l - a +2 cloak (worn)
Scrolls
 h - 3 scrolls of teleportation {@r4}
 j - a scroll of torment {unknown}
Potions
 e - a potion of mutation {unknown}
 f - 3 potions of brilliance {unknown}
 k - a potion of curing {unknown}
 m - a potion of attraction {unknown}


   Skills:
 - Level 3.4 Fighting
 - Level 2.4 Long Blades
 - Level 3.0 Armour
 - Level 3.0 Shields
 * Level 3.2 Spellcasting


You had 7 spell levels left.
You knew the following spells:

 Your Spells              Type           Power      Damage    Failure   Level
a - Sting                 Tmut/Pois      36%        1d4       8%          1
b - Corpse Rot            Necr/Air       N/A        N/A       12%         2
Your spell library was empty.

Dungeon Overview and Level Annotations

Branches:
Dungeon (3/15)

Altars:
Cheibriados

Shops:
D:3 :


Innate Abilities, Weirdness & Mutations

You are immune to sickness and miasma.
You are immune to poison.
Your flesh is very heat resistant. (rF++)
You are vulnerable to cold. (rC-)
You float through the air rather than walking.
You learn spells naturally, not from books.
Your magical power is your life essence.
You have superior vitality. (+4 HP)


Message History

No target in view!
No target in view!
No target in view!
No target in view!
No target in view!
No target in view!
No target in view!
No target in view!
No target in view!
No target in view!
You see here an adder corpse.
A wyvern zombie comes into view.
Found a stone staircase leading down.
You hit the wyvern zombie but do no damage.
The wyvern zombie bites you.
You hit the wyvern zombie but do no damage.
The wyvern zombie bites you. The wyvern zombie bites you!
Casting: Sting (safe; 8% risk of failure)
Confirm with . or Enter, or press ? or * to list all spells.
Aiming: Sting (safe; 8% risk of failure)
Press: ? - help, Shift-Dir - straight line, f - wyvern zombie
Aim: a wyvern zombie (89% to hit)
Okay, then.
You feel very mighty all of a sudden. The wyvern zombie bites you!
You slash the wyvern zombie!
The wyvern zombie is moderately damaged.
The wyvern zombie bites you!
* * * LOW HITPOINT WARNING * * *
The wyvern zombie bites you.
* * * LOW HITPOINT WARNING * * *
You slash the wyvern zombie!
The wyvern zombie is heavily damaged.
The wyvern zombie barely misses you.
You slash the wyvern zombie!
The wyvern zombie is severely damaged.
The wyvern zombie bites you.
* * * LOW HITPOINT WARNING * * *
The wyvern zombie bites you!
You die...

#.######...#
#.....##.#
#..........#
#....###.#
#..........#
###.## #..
#..........#
#.# ###
#..........#
#.# ##
#..........#
#.# #.
#..........####
#....
#..............
..###
#######@######.
. ...>..Z.#
.........
.......#..
....... ###
....... .......
.......


You could see a wyvern zombie.

Vanquished Creatures
  A scorpion (D:3)
  Jessica (D:2)
  4 adders
  2 dart slugs
  4 orcs (D:2)
  4 endoplasms
  4 goblins
  6 hobgoblins
  3 jackals (D:2)
  2 quokkas
  5 ball pythons
  A bat (D:1)
  4 frilled lizards
  3 kobolds
  4 rats
48 creatures vanquished.

Notes
Turn   | Place    | Note
-------+----------+-------------------------------------------
     0 | D:1      | freelancePsychic the Djinni Fighter began the quest for the
                  | Orb.
     0 | D:1      | Reached XP level 1. HP: 20/20 MP: 0/0
    83 | D:1      | Found a faded altar of an unknown god.
    96 | D:1      | Reached XP level 2. HP: 20/25 MP: 0/0
   773 | D:2      | Reached XP level 3. HP: 30/30 MP: 0/0
   773 | D:2      | Learned a level 1 spell: Sting
   815 | D:2      | Noticed Jessica
  1178 | D:2      | Reached skill level 1 in Spellcasting
  1444 | D:2      | Killed Jessica
  1445 | D:2      | Reached XP level 4. HP: 20/35 MP: 0/0
  1914 | D:2      | Reached XP level 5. HP: 30/40 MP: 0/0
  1914 | D:2      | Learned a level 2 spell: Corpse Rot
  2222 | D:3      | Found Zaym's Book Shop.
  2240 | D:3      | Found a snail-covered altar of Cheibriados.
  2245 | D:3      | Became a worshipper of Cheibriados the Contemplative
  2304 | D:3      | Slain by a wyvern zombie

Illustrated notes

Levels and vault maps discovered:
D:1:      nzn_arrival_water_spiral, layout_basic,
          shapermc_ecumenical_altar_starsandcircs
D:2:      layout_basic, minmay_misc_feat_roman, uniq_jessica
D:3:      layout_rooms, general_overflow_altar, serial_shops, shop,
          kennysheep_cross_bottleneck

Skill      XL: |  1  2  3  4  5 |
---------------+----------------+-----
Long Blades    | 2 |  2.4
Spellcasting   | 2 3 |  3.2
Fighting       | |  3.4
Armour         | |  3.0
Shields        | |  3.0

Action                   |  1- 3 |  4- 6 || total
-------------------------+-------+-------++-------
Melee: Long sword        |    88 |    59 ||   147
 Cast: Sting             |       |    14 ||    14
       Corpse Rot        |       |     1 ||     1
  Use: Scroll            |     4 |       ||     4
       Potion            |       |     1 ||     1
 Stab: Sleeping          |     2 |       ||     2
Armor: Scale mail        |    30 |       ||    30
       Leather armour    |    10 |    31 ||    41
       Skin              |     2 |       ||     2
Dodge: Dodged            |    51 |    36 ||    87
       Rpst.: Long sword |    14 |     5 ||    19
